[Event "Fredericia IM 2022"]
[Site "Fredericia"]
[Date "2022.05.29"]
[Round "9.4"]
[White "Boe, Mads"]
[Black "Easwaralingam, Adesh"]
[Result "1/2-1/2"]
[ECO "A46"]
[WhiteElo "2293"]
[BlackElo "2116"]
[Annotator "TA"]
[PlyCount "62"]
[EventDate "2022.05.25"]
[EventType "tourn"]
[EventCountry "DEN"]
[SourceTitle "playchess.com"]
[Source "ChessBase"]
[SourceQuality "1"]
[TimeControl "40/5400+30:1800+30"]

1. d4 Nf6 2. Nf3 d5 3. c4 e6 4. cxd5 exd5 5. Nc3 c6 6. Bg5 h6 7. Bh4 Bf5 8. Qb3 g5 9. Bg3 Qb6 {[%emt 0:03:15] D35: Queen's Gambit Declined: Exchange Variation.} 10. e3 Nbd7 11. Be2 Nh5 {[%emt 0:05:51] Black has an edge.} 12. Nd2 Nxg3 13. hxg3 O-O-O 14. Rc1 Kb8 {[%emt 0:02:12] [#]} 15. Bd1 $146 ({Predecessor:} 15. Na4 Qxb3 16. Nxb3 Bb4+ 17. Kd1 Bd6 18. Nac5 Nf6 19. Nd2 h5 20. Bd3 Bc8 21. Nf3 Ng4 22. Ke2 Rdg8 23. Bb1 Rh6 {½-½ (23) Margvelashvili,G (2435)-Parligras,M (2542) Kavala 2007}) 15... Re8 16. Kf1 Bg6 17. Qxb6 axb6 18. Bc2 Bxc2 19. Rxc2 f5 20. Nf3 {[%emt 0:00:30][%cal Of3g5] [#] Hoping for Nxg5!} Bd6 21. a4 Nf6 22. Ke2 Ng4 (22... Rh7 {with more complications.} 23. Kd3 Bb4 24. Na2 Bf8) 23. Nh2 Nf6 24. Nf3 Rh7 25. Rcc1 Rhh8 26. Rc2 $1 Kc8 27. Rcc1 Kd7 28. b3 Rh7 29. Rc2 Rhh8 30. Rcc1 Ng4 31. Nh2 Nf6 {Weighted Error Value: White=0.04 (flawless) /Black=0.08 (flawless)} 1/2-1/2

[Event "Fredericia IM 2022"]
[Site "Fredericia"]
[Date "2022.05.29"]
[Round "9.5"]
[White "Hilwerda, Jonas"]
[Black "Thorsbro, Peter"]
[Result "1/2-1/2"]
[ECO "C45"]
[WhiteElo "2275"]
[BlackElo "2192"]
[Annotator "TA"]
[PlyCount "62"]
[EventDate "2022.05.25"]
[EventType "tourn"]
[EventCountry "DEN"]
[SourceTitle "playchess.com"]
[Source "ChessBase"]
[SourceQuality "1"]
[TimeControl "40/5400+30:1800+30"]

1. e4 e5 2. Nf3 Nc6 3. d4 exd4 4. Nxd4 Nf6 5. Nxc6 bxc6 6. e5 Qe7 7. Qe2 Nd5 8. c4 Nb6 9. Nc3 Qe6 10. Qe4 d5 {[%emt 0:00:42] C45: Scotch Game.} 11. exd6 cxd6 12. Be3 Qxe4 13. Nxe4 f5 {[%emt 0:03:36] [#]} 14. Nc3 $146 ({Predecessor:} 14. Nd2 Be7 15. O-O-O O-O 16. f4 Be6 17. Re1 Kf7 18. Bd4 Rg8 19. Bd3 c5 20. Bf2 {1-0 (37) Mokal,A (2078)-Schroeder,M (1961) Leiden 2016}) 14... Be6 15. b3 Be7 16. O-O-O O-O 17. g3 d5 18. cxd5 Nxd5 19. Bd4 Ba3+ 20. Kb1 Nxc3+ 21. Bxc3 f4 22. Bd3 Rad8 23. Be4 Bc5 24. gxf4 Bxf2 25. Be5 Bg4 26. Rxd8 Rxd8 27. Kc2 c5 {[%emt 0:02:19] The position is equal.} 28. Bd3 Bd4 29. Re1 Bf2 30. Rh1 Bd4 31. Re1 Bf2 {[%emt 0:00:05] An even fight not without its subleties.  Weighted Error Value: White=0.07 (flawless) /Black=0.09 (flawless)} 1/2-1/2